 Dungeon Crawl Stone Soup version 0.16.0-19-gb078050 (webtiles) character file.

150 HungrySpirit the Insei (level 5, 0/40 HPs)
             Began as a Draconian Transmuter on Mar 23, 2015.
             Slain by an orc priest
             ... wielding a +0 trident of flaming
              (1 damage)
             ... on level 3 of the Dungeon.
             The game lasted 00:05:31 (3510 turns).

HungrySpirit the Insei (Draconian Transmuter)       Turns: 3510, Time: 00:05:31

Health: 0/40       AC:  5    Str: 12    XL:     5   Next: 10%
Magic:  10/11      EV: 12    Int: 14    God:
Gold:   165        SH:  0    Dex: 12    Spells: 3 memorised, 4 levels left

rFire  . . .     SeeInvis .       - Unarmed
rCold  . . .     Clarity  .     (armour unavailable)
rNeg   . . .     SustAb   .     (no shield)
rPois  .         Gourm    .     (helmet restricted)
rElec  .         Spirit   .     (no cloak)
rCorr  .         Warding  .     (no gloves)
rMut   .         Stasis   .     (no boots)
MR     .....                    (no amulet)
Stlth  +.........               (no ring)
                                (no ring)

@: appendage, not resistant to hostile enchantments, very unstealthy
A: unfitting armour, horns 2, cold-blooded, AC +5
a: End Transformation


You were on level 3 of the Dungeon.
You were not hungry.
You had grown temporary horns.
You visited 1 branch of the dungeon, and saw 3 of its levels.

You collected 165 gold pieces.

Inventory:

Missiles
 b - 12 arrows
Jewellery
 m - an uncursed ring of protection from cold {unknown}
Scrolls
 e - 3 scrolls of remove curse {unknown}
 f - a scroll of magic mapping {unknown}
 g - 2 scrolls of teleportation {unknown}
 h - 2 scrolls of identify {unknown}
 o - a scroll of enchant weapon {unknown}
 p - a scroll of noise {unknown}
Potions
 i - 2 potions of brilliance {unknown}
 j - a potion of flight {unknown}
 k - a potion of mutation {unknown}
 l - 2 potions of haste {unknown}
 n - a potion of berserk rage {unknown}
 q - a potion of agility {unknown}
Books
 d - a book of Changes

   Spells                             Type                      Level
   a - Beastly Appendage              Transmutation                1
   b - Sticks to Snakes               Transmutation                2
   c - Spider Form                    Transmutation/Poison         3
   d - Ice Form                       Ice/Transmutation            4
   e - Blade Hands                    Transmutation                5
Comestibles
 a - 3 bread rations
 c - 2 beef jerkies


   Skills:
 - Level 1.1 Fighting
 - Level 1.7 Dodging
 + Level 4.5 Unarmed Combat
 + Level 3.0 Spellcasting
 + Level 3.1 Transmutations


You had 4 spell levels left.
You knew the following spells:

 Your Spells              Type           Power        Failure   Level  Hunger
a - Beastly Appendage     Trmt           ##....       10%         1    #......
b - Spider Form           Trmt/Pois      #.........   38%         3    ###....
c - Sticks to Snakes      Trmt           ##........   12%         2    ##.....


Dungeon Overview and Level Annotations

Branches:
Dungeon (3/15)

Altars:

Annotations:
D:3 Sigmund


Innate Abilities, Weirdness & Mutations

Your plain brown scales are hard (AC +5).
Your body does not fit into most forms of armour.
Your cold-blooded metabolism reacts poorly to cold.
You have a pair of horns on your head.


Message History

You grow a pair of large bovine horns.
You start resting.
You hit the orc priest. Your headbutt misses the orc priest.
Your tail-slap misses the orc priest.
The orc priest is lightly wounded.
The orc priest hits you with a trident of flaming!
The orc priest burns you.
* * * LOW HITPOINT WARNING * * *
You hit the orc priest.
The orc priest is moderately wounded.
The orc priest closely misses you.
You hit the orc priest.
The orc priest is severely wounded.
The orc priest closely misses you.
You hit the orc priest.
The orc priest is severely wounded.
The orc priest hits you with a trident of flaming!
* * * LOW HITPOINT WARNING * * *
The orc priest burns you.
You die...

##...............########.####
#..................#..........
#.............................
#...<..............#..........
#..............(####)......รท..
#...............# ##..........
#...............# #.........#.
##............o.# #.###.#####.
##.....#....@#.###)##..# ##
#############.(..[...#. ..
##..#[#####.# # ##).....#### #
###..##......#.#
.....o###.......#
........##!......#
........%#.......#
.........#.......#


You could see an orc priest.

Vanquished Creatures
  An orc wizard (D:3)
  3 adders
  2 giant mites
  2 worms
  2 giant geckos (D:2)
  2 oozes
  3 orcs (D:3)
  6 bats
  9 giant cockroaches
  5 hobgoblins
  9 jackals
  2 giant newts (D:2)
  5 goblins
  9 kobolds
  6 rats
66 creatures vanquished.

Notes
Turn   | Place    | Note
--------------------------------------------------------------
     0 | D:1      | HungrySpirit, the Draconian Transmuter, began the quest for the Orb.
     0 | D:1      | Reached XP level 1. HP: 16/16 MP: 3/3
   278 | D:1      | Reached XP level 2. HP: 15/23 MP: 4/4
  1324 | D:1      | Reached XP level 3. HP: 28/28 MP: 4/6
  1536 | D:2      | Reached skill level 4 in Unarmed Combat
  1992 | D:2      | Reached XP level 4. HP: 30/35 MP: 8/8
  2884 | D:3      | Learned a level 3 spell: Spider Form
  2887 | D:3      | Learned a level 2 spell: Sticks to Snakes
  3056 | D:3      | Reached XP level 5. HP: 24/40 MP: 9/11
  3287 | D:3      | Noticed Sigmund
  3510 | D:3      | HP: 1/40 [orc priest/trident of flaming (10)]
  3510 | D:3      | Slain by an orc priest

Action                   |  1- 3 |  4- 6 || total
-------------------------+-------+-------++-------
Melee: Unarmed           |   155 |   121 ||   276
 Cast: Beastly Appendage |     5 |    10 ||    15
 Stab: Sleeping          |     1 |       ||     1
  Eat: Chunk             |     3 |     4 ||     7
       Pizza             |       |     1 ||     1
